 Dungeon Crawl Stone Soup version 0.18.1-6-gd335043 (webtiles) character file.

150983 HungrySpirit the Grand Gadgeteer (level 17, -2/95 HPs)
             Began as a Vine Stalker Assassin on May 16, 2016.
             Was the Champion of Pakellas.
             Succumbed to a ghost moth's poison
             ... on level 2 of the Spider Nest.
             The game lasted 01:45:01 (31731 turns).

HungrySpirit the Grand Gadgeteer (VSAs)            Turns: 31731, Time: 01:45:02

Health: -2/95      AC:  9    Str: 14      XL:     17   Next: 54%
Magic:  0/30       EV: 28    Int: 11      God:    Pakellas [******]
Gold:   883        SH:  7    Dex: 26 (30) Spells: 0 memorised, 16 levels left

rFire  + . .     SeeInvis .     N - +5 rapier (elec)
rCold  + . .     Gourm    .     j - +2 robe {rC+}
rNeg   . . .     Faith    .     v - +0 buckler {rF+}
rPois  .         Spirit   +     Y - +1 hat
rElec  .         Dismiss  .     d - +0 cloak
rCorr  .         Reflect  .     n - +1 pair of gloves
SustAt .         Harm     .     x - +0 pair of boots
MR     +++..                    q - amulet of regeneration
Stlth  +++.......               P - ring of protection from magic
                                l - ring of Xafoegif {EV+4 Dex+7 Stlth-}

@: lethally poisoned (-2 -> -34), about to teleport, very slightly contaminated,
extremely resistant to hostile enchantments, fairly stealthy
A: fangs 3, regeneration 3, magic shield, antimagic bite, no device heal 3, rot
immunity
a: Quick Charge, Device Surge, Supercharge, Renounce Religion


You were on level 2 of the Spider Nest.
You worshipped Pakellas.
Pakellas was exalted by your worship.
You were not hungry.

You visited 4 branches of the dungeon, and saw 28 of its levels.
You also visited: Ice Cave.

You collected 3149 gold pieces.
You spent 2266 gold pieces at shops.

Inventory:

Hand Weapons
 i - a +2 long sword of flaming
 N - a +5 rapier of electrocution (weapon)
Armour
 d - a +0 cloak (worn)
 j - a +2 robe of cold resistance (worn)
 n - a +1 pair of gloves (worn)
 v - a +0 buckler of fire resistance (worn)
 x - a +0 pair of boots (worn)
 Y - a +1 hat (worn)
Rods
 D - a +1 rod of ignition (12/12)
   (You bought it in a shop on level 2 of the Orcish Mines)
 J - a +3 rod of inaccuracy (11/11)
   (Pakellas gifted it to you on level 4 of the Dungeon)
Jewellery
 f - the amulet of Cujufiu {+Rage rF+ Int+5 Dex-5}
   (You found it on level 11 of the Dungeon)

   [amulet of rage]

   It affects your intelligence (+5).
   It affects your dexterity (-5).
   It protects you from fire.
   It lets you go berserk.
 l - the ring of Xafoegif (left hand) {EV+4 Dex+7 Stlth-}
   (You found it on level 4 of the Lair of Beasts)

   [ring of evasion]

   It affects your evasion (+4).
   It affects your dexterity (+7).
   It makes you less stealthy.
 q - an amulet of regeneration (around neck)
 G - an uncursed ring of flight
 P - a ring of protection from magic (right hand)
Wands
 z - a wand of disintegration (24/24)
 C - a wand of paralysis (22/24)
 F - a wand of iceblast (10/15)
 L - a wand of iceblast (14/15)
 X - a wand of confusion (44/48)
Scrolls
 h - 9 scrolls of teleportation
 o - 9 scrolls of remove curse
 s - 2 scrolls of holy word
 u - 4 scrolls of identify
 H - 5 scrolls of magic mapping
 K - 2 scrolls of enchant armour
 M - 5 scrolls of fear
 R - 3 scrolls of recharging
Potions
 c - 4 potions of ambrosia
 e - 2 potions of haste
 p - 3 potions of agility
 w - 11 potions of curing
 B - 8 potions of flight
 E - 20 potions of magic
 I - 5 potions of cancellation
 Q - 5 potions of brilliance
 V - 3 potions of might
 W - a potion of berserk rage
 Z - 4 potions of resistance
Miscellaneous
 a - a fan of gales (inert)
 r - a lamp of fire
 y - a box of beasts {used: 4}
 T - a sack of spiders {used: 1}
 U - a phial of floods
Comestibles
 b - a slice of pizza
 g - 17 bread rations
 k - 13 royal jellies
 m - 10 meat rations
 A - 2 fruits
 S - 5 beef jerkies


   Skills:
 + Level 13.1 Fighting
 - Level 12.0 Short Blades
 - Level 1.7 Throwing
 + Level 10.5 Dodging
 - Level 7.7 Stealth
 - Level 6.1 Shields
 * Level 16.3 Evocations


You had 16 spell levels left.
You didn't know any spells.

Dungeon Overview and Level Annotations

Branches:
Dungeon (15/15)            Temple (0/1) D:5            Lair (8/8) D:9
  Swamp (0/4) Lair:4       Spider (3/4) Lair:6        Slime (0/6) Lair:8
    Orc (2/2) D:10            Elf (0/3) Orc:2        Vaults (0/5) D:14
 Depths (0/5) D:15

Altars:
Dithmenos
Elyvilon
Gozag
Nemelex Xobeh
Okawaru
Pakellas
Qazlal
Sif Muna
Vehumet
Beogh
Jiyva

Shops:
D:4 (   D:6 (   Orc:2 [[%}

Annotations:
Lair:1 exclusion: oklob plant


Innate Abilities, Weirdness & Mutations

You have razor-sharp teeth.
You regenerate.
When hurt, damage is shared between your health and your magic reserves.
Your bite disrupts and absorbs the magic of your enemies.
Potions and wands cannot restore your health.
You are immune to rotting.


Message History

You feel you are being watched by something.
Something barely misses you. Something hits you.
* * * LOW HITPOINT WARNING * * *
You feel clumsy. Something closely misses you.
You feel you are being watched by something.
Something completely misses you. Something hits you!
* * * LOW HITPOINT WARNING * * *
Something stings you!
* * * LOW HITPOINT WARNING * * *
You are lethally poisoned!
Something poisons you!
Drink which item? (? for menu, Esc to quit)
Okay, then.
Read which item? (? for menu, Esc to quit)
Blink to where?
Press: ? - help, Dir - move target cursor
As you read the scroll of blinking, it crumbles to dust.
You die...
Pakellas says: That's one more possible approach eliminated.

#....##..^ #...##...# ##
###..#...≈ .#### ##..###### {...#
#..###...# #...# ###..###....
#†.## ########....##..##. #<.#
##....##..^.####..## ####
##..@...##..##.....## .####
###....#...#..#......#. .#..#####
#......#..##..#[.#...#.
.....#..###...#####..##...######.
...#^.....##§^## #....##.##......
#.###..#...##{.# #.....###.....(#
###.#####..#...# ###...#....#####
†.†.#...#.....### #^..#...##..#.
........##...##.## #...#..##...##


There were no monsters in sight!

Vanquished Creatures
  Nikola (Spider:1)
  A ghost moth (Spider:2)
  3 emperor scorpions
  The ghost of ololoev the Severer, a journeyman MiHu of Okawaru (D:15)
  The ghost of barakagiga the Covert, an adept HaAs of Okawaru (Orc:1)
  An ettin (D:15)
  2 ogre magi (D:14)
  Fannar (Lair:1)
  Erolcha (D:10)
  An entropy weaver (Spider:2)
  10 hydras
  5 centaur warriors
  A tengu warrior (D:13)
  Sonja (D:10)
  3 skeletal warriors (D:15)
  A fire crab (Lair:7)
  A deep troll (D:15)
  2 unseen horrors
  2 deep elf archers
  9 orc knights
  8 hill giants
  6 orb spiders
  6 wolf spiders
  3 griffons
  A wolf spider zombie (D:15)
  8 ugly things
  2 orc sorcerers
  4 deep elf magi
  A cyclops (D:15)
  8 elephants
  4 ice statues
  A centaur zombie (D:13)
  6 black mambas
  2 gargoyles
  22 spiny frogs
  2 kobold demonologists (D:13)
  6 komodo dragons
  An efreet (D:13)
  4 rime drakes
  3 centaur skeletons
  A freezing wraith (D:13)
  6 demonic crawlers
  A tengu conjurer (D:15)
  A polar bear (Lair:5)
  A giant leech (Lair:8)
  11 trolls
  13 jumping spiders
  20 blink frogs
  6 two-headed ogres
  2 slime creatures (D:15)
  7 spriggans (Lair:2)
  2 shadows
  24 redbacks
  2 wraiths
  28 yaks
  10 tarantellas
  3 wyverns
  A hog (shapeshifter) (D:13)
  3 hungry ghosts
  10 vampire mosquitoes (Lair:8)
  11 hippogriffs
  4 basilisks
  A mottled dragon (D:15)
  4 soldier ants
  6 swamp worms (Lair:4)
  5 wargs
  15 water moccasins
  10 porcupines
  54 orc warriors
  5 black bears
  11 ice beasts
  4 sky beasts
  5 wasps
  2 phantoms
  A necrophage (D:7)
  3 eyes of draining
  19 ogres
  A boggart (D:14)
  16 wolves
  The ghost of sergedm the Ducker, an amateur DsGl (D:3)
  8 centaurs
  14 crocodiles
  10 big kobolds
  37 giant frogs
  Blork the orc (D:8)
  2 gnoll sergeants (D:10)
  7 scorpions
  4 killer bees (D:10)
  8 howler monkeys
  5 electric eels
  13 wights
  4 crimson imps
  A giant frog zombie (D:11)
  A wasp zombie (D:14)
  4 hounds
  28 orc wizards
  4 giant frog skeletons
  16 orc priests
  3 jellies
  Ijyb (D:2)
  11 iguanas
  17 worker ants
  4 hell rats (Lair:2)
  8 sheep
  2 hound skeletons
  Robin (D:2)
  14 gnolls
  13 adders
  39 river rats
  4 shadow imps
  4 oozes
  An adder skeleton (D:4)
  5 worms
  2 dart slugs
  8 giant geckos
  114 orcs
  2 ball pythons (D:3)
  5 giant cockroaches
  17 goblins
  8 hobgoblins
  8 jackals
  49 kobolds
  5 quokkas
  7 bats
  7 giant newts
  A quokka skeleton (D:4)
  A quokka zombie (D:9)
  38 rats
  2 fungi (Lair:7)
1044 creatures vanquished.

Vanquished Creatures (collateral kills)
  Rupert (Lair:6)
  An entropy weaver (Spider:2)
  A hydra (Lair:1)
  Erica (Lair:1)
  2 black mambas (Lair:5)
  A tarantella (Spider:2)
  4 water moccasins (Lair:1)
  4 wolves
  2 crocodiles (Lair:1)
  A giant frog (Lair:1)
  An orc priest (D:4)
  An iguana (Lair:5)
  5 adders
  3 river rats (Lair:3)
  4 orcs
32 creatures vanquished.

Vanquished Creatures (others)
  2 jumping spiders
  2 redbacks (Spider:1)
  16 fungi
  20 plants
40 creatures vanquished.

Grand Total: 1116 creatures vanquished

Notes
Turn   | Place    | Note
--------------------------------------------------------------
     0 | D:1      | HungrySpirit the Vine Stalker Assassin began the quest for the Orb.
     0 | D:1      | Reached XP level 1. HP: 11/11 MP: 2/2
   379 | D:1      | Reached XP level 2. HP: 15/15 MP: 3/3
   806 | D:1      | Reached XP level 3. HP: 18/18 MP: 4/4
  1021 | D:2      | Found a faded altar to an unknown god.
  1031 | D:2      | Became a worshipper of Pakellas the Inventive
  1031 | D:2      | Reached * piety under Pakellas
  1031 | D:2      | Received a gift from Pakellas
  1115 | D:2      | Reached skill level 5 in Stealth
  1115 | D:2      | Reached XP level 4. HP: 23/23 MP: 5/5
  1148 | D:2      | Noticed Ijyb
  1155 | D:2      | Killed Ijyb
  1420 | D:2      | Noticed Robin
  1506 | D:2      | Killed Robin
  1506 | D:2      | Reached ** piety under Pakellas
  1506 | D:2      | Received a gift from Pakellas
  1506 | D:2      | Reached XP level 5. HP: 23/27 MP: 6/6
  1888 | D:3      | Gained mutation: You heal very quickly. [Vine Stalker growth]
  1888 | D:3      | Reached XP level 6. HP: 21/32 MP: 7/7
  1889 | D:3      | Reached *** piety under Pakellas
  1889 | D:3      | Received a gift from Pakellas
  1919 | D:3      | Noticed sergedm's ghost (amateur DsGl)
  1927 | D:3      | Killed sergedm's ghost
  2279 | D:3      | Reached **** piety under Pakellas
  2279 | D:3      | Received a gift from Pakellas
  2573 | D:4      | Found Soylit's Weapon Shop.
  2589 | D:4      | Reached XP level 7. HP: 24/37 MP: 5/8
  2634 | D:4      | Reached skill level 5 in Short Blades
  2905 | D:4      | Found a white marble altar of Elyvilon.
  2923 | D:4      | Found a shadowy altar of Dithmenos.
  3009 | D:4      | Reached ***** piety under Pakellas
  3009 | D:4      | Received a gift from Pakellas
  3117 | D:4      | Gained mutation: You have razor-sharp teeth. [Vine Stalker growth]
  3117 | D:4      | Reached XP level 8. HP: 38/42 MP: 7/9
  3489 | D:5      | Entered Level 5 of the Dungeon
  3862 | D:5      | Found a staircase to the Ecumenical Temple.
  4187 | D:6      | Reached skill level 5 in Fighting
  4214 | D:6      | Reached skill level 1 in Evocations
  4385 | D:6      | Found Cihag's Weapon Shoppe.
  4675 | D:7      | Found a sparkling altar of Nemelex Xobeh.
  4708 | D:7      | Reached skill level 2 in Evocations
  4708 | D:7      | Reached XP level 9. HP: 21/47 MP: 5/11
  4762 | D:7      | Found a sparkling altar of Nemelex Xobeh.
  4774 | D:7      | Found a radiant altar of Vehumet.
  4874 | D:7      | Found an opulent altar of Gozag.
  5089 | D:7      | Found an iron altar of Okawaru.
  5166 | D:7      | Reached skill level 3 in Evocations
  5242 | D:7      | Reached ****** piety under Pakellas
  5905 | D:8      | Noticed Blork the orc
  5913 | D:8      | Killed Blork the orc
  5922 | D:8      | Found a deep blue altar of Sif Muna.
  6399 | D:9      | Found a stormy altar of Qazlal.
  6604 | D:9      | Reached skill level 4 in Evocations
  6604 | D:9      | Reached XP level 10. HP: 53/53 MP: 12/14
  6659 | D:9      | Reached skill level 1 in Dodging
  6757 | D:9      | Found a staircase to the Lair.
  6923 | D:10     | Entered Level 10 of the Dungeon
  7044 | D:10     | Identified a +3 rod of inaccuracy (11/11) (Pakellas gifted it to you on level 4 of the Dungeon)
  7201 | D:10     | Noticed a hill giant
  7246 | D:10     | Killed a hill giant
  7360 | D:10     | Noticed Erolcha
  7376 | D:10     | Killed Erolcha
  7376 | D:10     | Reached skill level 10 in Short Blades
  7376 | D:10     | Reached skill level 5 in Evocations
  7403 | D:10     | Noticed Sonja
  7409 | D:10     | Killed Sonja
  7437 | D:10     | Found a staircase to the Orcish Mines.
  7525 | D:10     | Reached XP level 11. HP: 57/60 MP: 15/15
  7912 | D:10     | Noticed a hill giant
  7918 | D:10     | Killed a hill giant
  8371 | D:11     | Found a frozen archway.
  8386 | IceCv    | Entered an ice cave
  8956 | IceCv    | Reached skill level 6 in Evocations
  9197 | D:11     | Found a roughly hewn altar of Beogh.
  9246 | D:11     | Noticed a red ugly thing
  9248 | D:11     | Got an encrusted buckler
  9946 | D:11     | Reached skill level 1 in Shields
 10850 | D:11     | Got an ancient iron amulet
 11252 | Lair:1   | Entered Level 1 of the Lair of Beasts
 11312 | Lair:1   | Noticed Fannar
 11323 | Lair:1   | Killed Fannar
 11323 | Lair:1   | Gained mutation: You regenerate. [Vine Stalker growth]
 11323 | Lair:1   | Reached XP level 12. HP: 60/65 MP: 15/17
 11346 | Lair:1   | Identified the cursed -6 buckler "Furuich" {Stlth+} (You found it on level 11 of the Dungeon)
 11466 | Lair:1   | Noticed a five-headed hydra
 11470 | Lair:1   | Noticed Erica
 11474 | Lair:1   | Killed a five-headed hydra
 11482 | Lair:1   | Killed Erica
 11600 | Lair:1   | Identified the amulet of Cujufiu {+Rage rF+ Int+5 Dex-5} (You found it on level 11 of the Dungeon)
 11807 | Lair:1   | Reached skill level 5 in Dodging
 11901 | Lair:1   | Noticed a seven-headed hydra
 11905 | Lair:1   | Killed a seven-headed hydra
 11905 | Lair:1   | Reached skill level 7 in Evocations
 11964 | Lair:1   | Noticed an eight-headed hydra
 12003 | Lair:1   | Killed an eight-headed hydra
 13023 | Lair:2   | Reached skill level 8 in Evocations
 13180 | Lair:2   | Noticed a four-headed hydra
 13218 | Lair:2   | Killed a four-headed hydra
 13998 | Lair:2   | Reached XP level 13. HP: 71/71 MP: 20/20
 14269 | Lair:4   | Reached skill level 9 in Evocations
 14355 | Lair:4   | Got a heavily runed copper ring
 14356 | Lair:4   | Identified the ring of Xafoegif {EV+4 Dex+7 Stlth-} (You found it on level 4 of the Lair of Beasts)
 14931 | Lair:5   | Reached skill level 5 in Shields
 15232 | Lair:5   | Reached skill level 10 in Fighting
 15809 | Lair:8   | Entered Level 8 of the Lair of Beasts
 16272 | Lair:3   | You fall through a shaft for 2 floors!
 16519 | Lair:3   | Reached skill level 10 in Evocations
 17913 | Lair:4   | Got a polished dagger
 17914 | Lair:4   | Identified the +6 dagger "Feniagul" {antimagic, *Confuse MR+++ Str+6} (You found it on level 4 of the Lair of Beasts)
 18014 | Lair:4   | Found a staircase to the Swamp.
 18803 | Lair:6   | Reached XP level 14. HP: 77/77 MP: 22/22
 19152 | Lair:6   | Noticed Rupert
 19162 | Lair:6   | Killed Rupert
 19162 | Lair:6   | Reached skill level 11 in Evocations
 19375 | Lair:6   | Found a hole to the Spider Nest.
 20940 | Lair:8   | Found a staircase to the Slime Pits.
 20940 | Lair:8   | Found a viscous altar of Jiyva.
 21047 | Lair:8   | Reached skill level 12 in Evocations
 21346 | Lair:8   | Reached skill level 13 in Evocations
 21346 | Lair:8   | Reached XP level 15. HP: 83/83 MP: 25/25
 22181 | Orc:1    | Entered Level 1 of the Orcish Mines
 22370 | Orc:2    | Entered Level 2 of the Orcish Mines
 22696 | Orc:2    | Found a staircase to the Elven Halls.
 22823 | Orc:1    | Noticed barakagiga's ghost (adept HaAs)
 23179 | Orc:2    | Found Laul's Antique Armour Boutique.
 23179 | Orc:2    | Found Metexod's Antique Armour Shoppe.
 23843 | Orc:2    | Reached XP level 16. HP: 88/88 MP: 5/27
 23932 | Orc:2    | Found a roughly hewn altar of Beogh.
 24030 | Orc:2    | Found Unulag's Gadget Boutique.
 24030 | Orc:2    | Found Xotu's Food Shoppe.
 24130 | Orc:2    | Bought a pair of glowing boots for 153 gold pieces
 24130 | Orc:2    | Bought a pair of runed gloves for 153 gold pieces
 24201 | Orc:2    | Bought a +0 rod of ignition (11/11) for 1120 gold pieces
 24201 | Orc:2    | Bought a sack of spiders for 280 gold pieces
 24201 | Orc:2    | Bought a fan of gales for 560 gold pieces
 24689 | Orc:1    | Reached skill level 14 in Evocations
 24725 | Orc:1    | Killed barakagiga's ghost
 27301 | D:14     | Identified the Incunabulum of Stones
 27491 | D:14     | Found a gate to the Vaults.
 27669 | D:15     | Entered Level 15 of the Dungeon
 27768 | D:15     | Noticed ololoev's ghost (journeyman MiHu)
 27861 | D:15     | Killed ololoev's ghost
 27861 | D:15     | Reached skill level 15 in Evocations
 28326 | D:15     | Found a staircase to the Depths.
 28529 | D:15     | Reached XP level 17. HP: 94/94 MP: 29/29
 28620 | D:15     | Reached skill level 10 in Dodging
 29026 | Spider:1 | Entered Level 1 of the Spider Nest
 29957 | Spider:1 | Noticed Nikola
 30103 | Spider:1 | Killed Nikola
 30632 | Spider:2 | Reached skill level 16 in Evocations
 31730 | Spider:2 | HP: 3/95 [something (8)]
 31731 | Spider:2 | Succumbed to a ghost moth's poison

Skill      XL: |  1  2  3  4  5  6  7  8  9 10 11 12 13 14 15 16 17 |
---------------+----------------------------------------------------+-----
Short Blades   | 2 3 4 6 7 9 10 11 12 | 12.0
Fighting       | 2 3 4 5 6 7 8 9 10 11 12 13 | 13.1
Stealth        | 5 6 7 |  7.7
Evocations     | 2 4 5 6 8 10 13 15 16 | 16.3
Dodging        | 3 4 5 7 8 9 10 | 10.5
Shields        | 2 4 6 |  6.1
Throwing       | |  1.7

Action                   |  1- 3 |  4- 6 |  7- 9 | 10-12 | 13-15 | 16-18 || total
-------------------------+-------+-------+-------+-------+-------+-------++-------
Melee: Dagger            |    96 |   230 |   374 |   956 |  1526 |   331 ||  3513
       Bite              |    24 |    60 |   118 |   373 |   865 |   655 ||  2095
       Short sword       |       |       |       |       |       |   581 ||   581
       Rapier            |       |       |       |       |       |   169 ||   169
Invok: Quick Charge      |       |       |     1 |     4 |    11 |    18 ||    34
       Device Surge      |       |       |       |       |     1 |     1 ||     2
Evoke: Wand              |       |     9 |    12 |    35 |    29 |    68 ||   153
       Lamp of fire      |       |       |     2 |       |     2 |     1 ||     5
       Rod               |       |       |       |    18 |     9 |    17 ||    44
       Phial of floods   |       |       |       |     2 |     2 |       ||     4
       Box of beasts     |       |       |       |     3 |     1 |       ||     4
       Fan of gales      |       |       |       |       |       |     2 ||     2
       Sack of spiders   |       |       |       |       |       |     1 ||     1
  Use: Scroll            |       |       |       |    24 |     9 |    12 ||    45
       Potion            |       |       |       |     2 |     1 |       ||     3
 Stab: Sleeping          |     6 |    19 |    28 |    13 |    21 |    25 ||   112
       Paralysed         |       |     1 |     2 |     7 |       |     6 ||    16
       Distracted        |       |       |     1 |     7 |     6 |    10 ||    24
       Confused          |       |       |       |     2 |     2 |     5 ||     9
  Eat: Chunk             |     1 |     4 |    12 |    25 |    28 |    22 ||    92
       Pizza             |       |       |     1 |       |       |     1 ||     2
       Beef jerky        |       |       |       |     5 |       |       ||     5
       Fruit             |       |       |       |       |     5 |     8 ||    13
       Royal jelly       |       |       |       |       |     1 |       ||     1
Armor: Robe              |    22 |    79 |    70 |    83 |    53 |    79 ||   386
Dodge: Dodged            |    39 |   114 |   131 |   418 |   803 |   863 ||  2368
Block: Buckler           |       |       |       |    83 |   359 |   311 ||   753
